[Event "Titled Tuesday Blitz November 08 Late 2022"]
[White "Sargsyan, Anna M."]
[Black "Mazurkiewicz, Michal"]
[WhiteFideId "13308130"]
[BlackFideId "1124943"]
[WhiteElo "2656"]
[BlackElo "2463"]
[Result "1-0"]
[Round "03"]
[TimeControl "180+1"]
[Date "2022.11.09"]
[WhiteClock "0:00:16"]
[BlackClock "0:00:09"]

1. d4 Nf6 2. c4 e5 3. dxe5 Ng4 4. Bf4 g5 5. Bd2 Bg7 6. Nf3 h6 7. Bc3 Nc6 8. e3 Ngxe5 9. h4 g4 10. Nxe5 Nxe5 11. h5 d6 12. Nd2 Bf5 13. Qb3 b6 14. Be2 O-O 15. O-O-O a5 16. f4 Bd3 17. Bxe5 Bxe2 18. Bxg7 Bxd1 19. Qxd1 Kxg7 20. Qxg4+ Kh8 21. e4 f5 22. exf5 Qf6 23. Qg6 Qxg6 24. hxg6 Kg7 25. g4 Rae8 26. Kc2 Re2 27. Kd3 Rfe8 28. Rh3 Rf2 29. a4 Rxf4 30. Rh4 c5 31. Rh2 Rxg4 32. Rf2 Kf6 33. Nf1 Re5 34. b3 Rxf5 35. Rxf5+ Kxf5 36. Ne3+ Kxg6 37. Nxg4 h5 38. Nh2 Kg5 39. Ke4 Kh4 40. Kf4 Kh3 41. Nf3 h4 42. Nxh4 Kxh4 43. Ke4 Kg5 44. Kd5 Kf4 45. Kxd6 Ke3 46. Kc6 Kd3 47. Kxb6 Kc3 48. Kxc5 Kxb3 49. Kb5 1-0


[Site "https://www.chess.com"]

[Event "Titled Tuesday Blitz November 08 Late 2022"]
[White "Schuster, Karsten"]
[Black "Vargas, Mauricio"]
[WhiteFideId "4611071"]
[BlackFideId "4404572"]
[WhiteElo "2294"]
[BlackElo "2025"]
[Result "1-0"]
[Round "03"]
[TimeControl "180+1"]
[Date "2022.11.09"]
[WhiteClock "0:02:15"]
[BlackClock "0:01:15"]

1. d4 Nf6 2. c4 d6 3. Nc3 g6 4. e4 Bg7 5. Be2 O-O 6. Bg5 h6 7. Be3 e5 8. d5 a5 9. Qd2 Kh7 10. f3 Na6 11. Bd1 Nh5 12. Nge2 f5 13. exf5 gxf5 14. Bc2 Qe8 15. Ng3 Nf4 16. O-O-O Kg8 17. Rde1 Qf7 18. Rhg1 Bd7 19. Nge2 Nxe2+ 20. Rxe2 Nc5 21. Bxh6 f4 22. Bxg7 Kxg7 23. g3 fxg3 24. Rxg3+ 1-0


[Site "https://www.chess.com"]

[Event "Titled Tuesday Blitz November 08 Late 2022"]
[White "Shahaliyev, Ismayil"]
[Black "Pap, Gyula"]
[WhiteFideId "13406388"]
[BlackFideId "725323"]
[WhiteElo "2306"]
[BlackElo "2519"]
[Result "0-1"]
[Round "03"]
[TimeControl "180+1"]
[Date "2022.11.08"]
[WhiteClock "0:00:02"]
[BlackClock "0:00:53"]

1. d4 e6 2. c4 Bb4+ 3. Nc3 c5 4. a3 Bxc3+ 5. bxc3 Qa5 6. Bd2 Nf6 7. f3 d6 8. e4 e5 9. Bd3 Nbd7 10. f4 Nb6 11. Nf3 Bg4 12. h3 Bxf3 13. Qxf3 O-O 14. fxe5 dxe5 15. d5 Ne8 16. Qg3 f6 17. O-O Nd6 18. Bh6 Ne8 19. Qg4 Qxc3 20. Be2 Rf7 21. d6 Qd4+ 22. Kh2 Qxd6 23. Rad1 Qe7 24. Rd3 Kh8 25. Be3 Nc7 26. Rfd1 Ne6 27. Rd6 Nd4 28. Bxd4 exd4 29. Re6 Qc7+ 30. e5 Nd7 31. Kh1 Nxe5 32. Bd3 Nxg4 0-1


[Site "https://www.chess.com"]

[Event "Titled Tuesday Blitz November 08 Late 2022"]
[White "Shankland, Sam"]
[Black "Besedes, Danilo"]
[WhiteFideId "2004887"]
[BlackFideId "946796"]
[WhiteElo "2919"]
[BlackElo "2627"]
[Result "1-0"]
[Round "03"]
[TimeControl "180+1"]
[Date "2022.11.09"]
[WhiteClock "0:01:54"]
[BlackClock "0:00:50"]

1. d4 d5 2. c4 e6 3. Nf3 Nf6 4. Nc3 Be7 5. Bf4 O-O 6. e3 c5 7. dxc5 Qa5 8. a3 dxc4 9. Bxc4 Qxc5 10. Qe2 Nc6 11. O-O e5 12. b4 Qd6 13. Rfd1 Qc7 14. Bg3 Bg4 15. Nd5 Nxd5 16. Bxd5 Bf6 17. Rac1 a6 18. Qc4 Bd7 19. Bh4 Bxh4 20. Qxh4 Qd8 21. Qh5 g6 22. Qh6 Qf6 23. Ng5 Qg7 24. Qxg7+ Kxg7 25. Nxf7 1-0


[Site "https://www.chess.com"]

[Event "Titled Tuesday Blitz November 08 Late 2022"]
[White "Shapiro, Bryan"]
[Black "Hamley, Ryan"]
[WhiteFideId "2087740"]
[BlackFideId "30959497"]
[WhiteElo "1900"]
[BlackElo "2531"]
[Result "0-1"]
[Round "03"]
[TimeControl "180+1"]
[Date "2022.11.09"]
[WhiteClock "0:00:13"]
[BlackClock "0:00:26"]

1. d4 Nf6 2. c4 g6 3. Nf3 Bg7 4. Nc3 O-O 5. h3 d6 6. e4 Nbd7 7. Be3 e5 8. d5 Qe7 9. Be2 c5 10. dxc6 bxc6 11. O-O a5 12. Qd2 Rd8 13. Rfd1 Ne8 14. Bg5 f6 15. Be3 Bb7 16. Na4 Nf8 17. Bb6 Rdb8 18. Bxa5 Ne6 19. b3 f5 20. Bd3 Nf4 21. Re1 Nxd3 22. Qxd3 Rxa5 23. exf5 Qf7 24. fxg6 Qxg6 25. Qd2 Ra7 26. Rad1 c5 27. Qe2 Bc6 28. Nc3 Rf7 29. Nd5 Nf6 30. Kh2 Nxd5 31. cxd5 Bb5 32. Qd2 e4 33. Ng5 Re7 34. Ne6 Be5+ 35. Kh1 Bd3 36. Rxe4 Bxe4 37. f3 Bf5 38. Re1 Bxe6 39. dxe6 Rxe6 40. Qd5 Re8 41. a4 Bg3 42. Rf1 Kh8 43. Qc4 Re1 44. a5 Rxf1+ 45. Qxf1 Re1 46. Kg1 Rxf1+ 47. Kxf1 Qd3+ 0-1


[Site "https://www.chess.com"]

[Event "Titled Tuesday Blitz November 08 Late 2022"]
[White "Sibilio, Mario"]
[Black "Lopez Martinez, Josep Manuel"]
[WhiteFideId "800422"]
[BlackFideId "2212943"]
[WhiteElo "2251"]
[BlackElo "2471"]
[Result "0-1"]
[Round "03"]
[TimeControl "180+1"]
[Date "2022.11.09"]
[WhiteClock "0:00:02"]
[BlackClock "0:00:16"]

1. e4 c5 2. Nf3 d6 3. b3 Nc6 4. Bb2 Nf6 5. e5 dxe5 6. Nxe5 Bd7 7. f4 e6 8. Na3 Bd6 9. Nac4 Bb8 10. Qf3 O-O 11. a3 Nd5 12. Bd3 Nd4 13. Qh3 f5 14. O-O b5 15. Nxd7 Qxd7 16. Ne5 Qb7 17. Bxd4 cxd4 18. Rae1 Bd6 19. g4 g6 20. Re2 Bxa3 21. gxf5 exf5 22. Rg2 Ne7 23. Qh6 Bd6 24. Nf3 Nd5 25. Nxd4 Bc5 26. c3 Bxd4+ 27. cxd4 Qb6 28. Rg3 Qxd4+ 29. Kg2 a6 30. h4 Qg7 31. Qg5 Nf6 32. Bxf5 Rad8 33. Be6+ Kh8 34. d3 Nh5 35. Re3 Qf6 36. Qxf6+ Rxf6 37. f5 Rd4 38. fxg6 Rxg6+ 39. Kf2 Nf4 0-1


[Site "https://www.chess.com"]

[Event "Titled Tuesday Blitz November 08 Late 2022"]
[White "Souleidis, Georgios"]
[Black "Silva, Caio Henrique Angelico"]
[WhiteFideId "4206827"]
[BlackFideId "22777210"]
[WhiteElo "2401"]
[BlackElo "1990"]
[Result "1-0"]
[Round "03"]
[TimeControl "180+1"]
[Date "2022.11.09"]
[WhiteClock "0:00:27"]
[BlackClock "0:00:45"]

1. e4 c6 2. d3 d5 3. Nf3 Qc7 4. Nc3 Nf6 5. e5 Nfd7 6. d4 e6 7. Bd3 a6 8. Ne2 c5 9. c3 b5 10. O-O Bb7 11. a3 Nc6 12. Ne1 cxd4 13. cxd4 Qb6 14. Be3 Be7 15. Rc1 Rc8 16. Bb1 b4 17. a4 f6 18. Nf4 Nf8 19. Qh5+ Kd7 20. Ned3 f5 21. Qf7 Nd8 22. Qxg7 Rxc1 23. Rxc1 Nf7 24. Qxf7 h5 25. Nc5+ 1-0


[Site "https://www.chess.com"]

[Event "Titled Tuesday Blitz November 08 Late 2022"]
[White "Storey, Charles H"]
[Black "Zeynalli, Rashad"]
[WhiteFideId "406686"]
[BlackFideId "13403320"]
[WhiteElo "2484"]
[BlackElo "2692"]
[Result "1-0"]
[Round "03"]
[TimeControl "180+1"]
[Date "2022.11.09"]
[WhiteClock "0:00:18"]
[BlackClock "0:00:02"]

1. c4 f5 2. g3 Nf6 3. Bg2 g6 4. Nf3 Bg7 5. d4 O-O 6. Nc3 d6 7. O-O Qe8 8. d5 a5 9. Be3 Na6 10. Bd4 Bd7 11. Re1 h6 12. Qd2 Qf7 13. e4 Nxe4 14. Nxe4 fxe4 15. Bxg7 Qxg7 16. Rxe4 Nc5 17. Re3 e5 18. dxe6 Bxe6 19. Rxe6 Nxe6 20. Qd5 Qf7 21. Qxb7 Nc5 22. Qc6 Rab8 23. b3 Rb6 24. Qd5 Qxd5 25. cxd5 a4 26. bxa4 Nxa4 27. Nd4 Rb2 28. f4 Nc5 29. Ne6 Ra8 30. Nxc5 dxc5 31. d6 Rc8 32. d7 Rd8 33. Bc6 Rb6 34. Re1 Kf7 35. Re8 Rbb8 36. Kf2 c4 37. Ke3 g5 38. Kd4 gxf4 39. gxf4 Kf6 40. Kxc4 Kf5 41. Kd5 Kxf4 42. Ke6 h5 43. Ke7 1-0


[Site "https://www.chess.com"]

[Event "Titled Tuesday Blitz November 08 Late 2022"]
[White "Stoyanov, Tsvetan"]
[Black "Derige Kane, Yan"]
[WhiteFideId "2917173"]
[BlackFideId "20665431"]
[WhiteElo "2740"]
[BlackElo "2500"]
[Result "1-0"]
[Round "03"]
[TimeControl "180+1"]
[Date "2022.11.09"]
[WhiteClock "0:00:36"]
[BlackClock "0:00:03"]

1. e4 e5 2. Nf3 Nc6 3. Nc3 Nf6 4. d4 exd4 5. Nxd4 Bb4 6. Nxc6 bxc6 7. Bd3 O-O 8. O-O d5 9. exd5 cxd5 10. h3 c6 11. Qf3 h6 12. Bf4 Bd6 13. Rad1 Be6 14. b3 c5 15. Rfe1 d4 16. Bxd6 Qxd6 17. Ne4 Nxe4 18. Qxe4 g6 19. Qe5 Qxe5 20. Rxe5 Rac8 21. Bxg6 Bxb3 22. Bf5 Be6 23. Bxe6 fxe6 24. Rxe6 Kg7 25. Rd3 Rf6 26. Re7+ Rf7 27. Rg3+ Kf6 28. Re4 Rb7 29. Rh4 Rb2 30. Rxh6+ Kf7 31. Rh7+ Ke6 32. c3 Rxa2 33. cxd4 cxd4 34. Rd3 Rc1+ 35. Kh2 Rcc2 36. Rxd4 Rxf2 37. Rg4 a5 38. h4 a4 39. h5 a3 40. h6 Rf6 41. Rh8 Kf7 42. Rg7+ Ke6 43. Re8+ Kf5 44. h7 Rh6+ 45. Kg3 Kf6 46. Ra7 Rb2 47. Ra6+ Kg7 48. Rxh6 Rb3+ 49. Kh2 1-0


[Site "https://www.chess.com"]

[Event "Titled Tuesday Blitz November 08 Late 2022"]
[White "Suder, Jakub"]
[Black "Sivakumar, Shaaketh"]
[WhiteFideId "1195310"]
[BlackFideId "30940176"]
[WhiteElo "2631"]
[BlackElo "2454"]
[Result "0-1"]
[Round "03"]
[TimeControl "180+1"]
[Date "2022.11.09"]
[WhiteClock "0:00:58"]
[BlackClock "0:00:59"]

1. d4 e6 2. c4 b6 3. Nc3 Bb7 4. a3 f5 5. h4 Nf6 6. h5 Bd6 7. h6 g6 8. Bg5 O-O 9. d5 Qe8 10. Nf3 Qf7 11. dxe6 dxe6 12. Nb5 Ne4 13. Nxd6 cxd6 14. Bc1 Nc6 15. e3 Ne5 16. Nxe5 dxe5 17. Qc2 Rac8 18. b3 b5 19. Bb2 bxc4 20. bxc4 Qc7 21. Be2 Qa5+ 22. Kf1 Rc5 23. Rd1 f4 24. exf4 Rxf4 25. Bf3 Rxc4 26. Qxc4 Ba6 27. Rd8+ Kf7 28. Qxa6 Qxa6+ 29. Kg1 Qb5 30. Bc1 Qb1 31. Kh2 Rh4+ 0-1


[Site "https://www.chess.com"]

[Event "Titled Tuesday Blitz November 08 Late 2022"]
[White "Svane, Rasmus"]
[Black "Bazeev, German"]
[WhiteFideId "4657101"]
[BlackFideId "24119350"]
[WhiteElo "2674"]
[BlackElo "2493"]
[Result "1-0"]
[Round "03"]
[TimeControl "180+1"]
[Date "2022.11.08"]
[WhiteClock "0:00:38"]
[BlackClock "0:00:18"]

1. Nf3 Nf6 2. g3 d5 3. Bg2 c6 4. O-O Bg4 5. h3 Bh5 6. d4 Nbd7 7. c4 e6 8. cxd5 cxd5 9. Qb3 Qb6 10. Nc3 Rc8 11. Bf4 Be7 12. Ne5 O-O 13. g4 Bg6 14. g5 Nh5 15. Nxd7 Qxb3 16. axb3 Nxf4 17. Nxf8 Kxf8 18. Rxa7 Bxg5 19. Rxb7 Bf5 20. Ra1 Bf6 21. e3 Nd3 22. Raa7 Bg6 23. Nb5 Bh4 24. Nd6 Bxf2+ 25. Kh2 Rd8 26. Nxf7 Rc8 27. Ng5 Bxe3 28. Nxe6+ Kg8 29. Rxg7+ Kh8 30. Bxd5 Nf4 31. Nxf4 Bxf4+ 32. Kg2 Be3 33. Rgc7 Rd8 34. Ra8 1-0


[Site "https://www.chess.com"]

[Event "Titled Tuesday Blitz November 08 Late 2022"]
[White "Swiercz, Dariusz"]
[Black "Mr_Penings"]
[WhiteFideId "1126881"]
[WhiteElo "2627"]
[BlackElo "2694"]
[Result "1-0"]
[Round "03"]
[TimeControl "180+1"]
[Date "2022.11.08"]
[WhiteClock "0:01:13"]
[BlackClock "0:00:11"]

1. d4 Nf6 2. Bg5 e6 3. e4 h6 4. Bxf6 Qxf6 5. c3 d5 6. Nd2 Qd8 7. Ngf3 Be7 8. Bd3 O-O 9. Qe2 c5 10. O-O Nc6 11. dxc5 Bxc5 12. Rad1 Qf6 13. e5 Qe7 14. Nb3 Bb6 15. Rfe1 Bd7 16. Nbd4 a6 17. Bb1 Rae8 18. Qd3 f5 19. exf6 Qxf6 20. Nxc6 Bxc6 21. Qh7+ Kf7 22. Bg6+ Ke7 23. Bxe8 Kxe8 24. Qc2 g5 25. Nd4 e5 26. Qe2 e4 27. Rf1 Bd7 28. f3 Qe5 29. fxe4 dxe4 30. Qh5+ Ke7 31. Rxf8 Kxf8 32. Qxh6+ Ke7 33. Qxb6 1-0


[Site "https://www.chess.com"]

[Event "Titled Tuesday Blitz November 08 Late 2022"]
[White "Ter-Sahakyan, Samvel"]
[Black "Zhu, Jiner"]
[WhiteFideId "13302531"]
[BlackFideId "8608059"]
[WhiteElo "2584"]
[BlackElo "2384"]
[Result "1-0"]
[Round "03"]
[TimeControl "180+1"]
[Date "2022.11.08"]
[WhiteClock "0:01:02"]
[BlackClock "0:00:45"]

1. d4 Nf6 2. c4 g6 3. Nc3 Bg7 4. e4 d6 5. Be2 O-O 6. Be3 e5 7. d5 Na6 8. h4 Nc5 9. Qc2 a5 10. h5 c6 11. h6 Bh8 12. Rd1 cxd5 13. cxd5 Bd7 14. Bxc5 dxc5 15. Nf3 Re8 16. a4 Qb6 17. Nd2 Qb4 18. O-O Ng4 19. Bb5 Rad8 20. Na2 Qd4 21. Nc4 Bxb5 22. Rxd4 exd4 23. axb5 Nxh6 24. Nc1 f5 25. e5 Rxd5 26. Nd3 Nf7 27. f4 Nd8 28. Nd6 1-0


[Site "https://www.chess.com"]

[Event "Titled Tuesday Blitz November 08 Late 2022"]
[White "Thiel, Thomas"]
[Black "Myers, Dominique"]
[WhiteFideId "4615964"]
[BlackFideId "2041715"]
[WhiteElo "2197"]
[BlackElo "1986"]
[Result "1-0"]
[Round "03"]
[TimeControl "180+1"]
[Date "2022.11.09"]
[WhiteClock "0:01:38"]
[BlackClock "0:01:47"]

1. e4 e5 2. Nf3 Nc6 3. d4 exd4 4. Nxd4 Qh4 5. Nc3 Bb4 6. Be2 Nf6 7. O-O d6 8. Ndb5 Ba5 9. Nd5 Nxd5 10. exd5 Ne5 11. Bd2 Bb6 12. Be3 O-O 13. Bxb6 cxb6 14. Nxd6 Rd8 15. Nb5 Bg4 16. Qd4 Qh5 17. Bxg4 Nxg4 18. h3 Qxd5 19. Qxd5 Rxd5 20. Nc7 Nf6 21. Nxa8 Rc5 22. c3 Rc8 23. Rfe1 Rxa8 24. Re7 Rb8 25. Rae1 Kf8 26. c4 a6 27. b3 b5 28. cxb5 axb5 29. R7e5 Ra8 30. Rxb5 Rxa2 31. Rxb7 g6 32. Ree7 Nh5 33. Rxf7+ Kg8 34. Rfc7 Ra8 35. Rxh7 Nf6 36. Rbg7+ Kf8 37. Rh8+ Kxg7 38. Rxa8 1-0


[Site "https://www.chess.com"]

[Event "Titled Tuesday Blitz November 08 Late 2022"]
[White "Thomas, Anysia"]
[Black "Leschinsky, Gary"]
[WhiteFideId "670472"]
[BlackFideId "30951321"]
[WhiteElo "2069"]
[BlackElo "1855"]
[Result "0-1"]
[Round "03"]
[TimeControl "180+1"]
[Date "2022.11.09"]
[WhiteClock "0:01:18"]
[BlackClock "0:01:13"]

1. d4 Nf6 2. c4 e6 3. Nf3 d5 4. g3 h6 5. Bg2 Bd6 6. O-O O-O 7. Nc3 Nc6 8. b3 dxc4 9. bxc4 e5 10. d5 Na5 11. Nd2 b6 12. Bb2 Re8 13. Rc1 Bf5 14. Nde4 Bf8 15. Nxf6+ Qxf6 16. Nb5 Qd8 17. Qd2 a6 18. Nc3 Nxc4 19. Qe1 Nxb2 20. Ne4 b5 21. Nd2 Bb4 22. h3 Nc4 23. Rd1 Bc2 0-1


[Site "https://www.chess.com"]

[Event "Titled Tuesday Blitz November 08 Late 2022"]
[White "Urazayev, Arystanbek"]
[Black "Janaszak, Dawid"]
[WhiteFideId "13709810"]
[BlackFideId "1119206"]
[WhiteElo "2441"]
[BlackElo "2226"]
[Result "1-0"]
[Round "03"]
[TimeControl "180+1"]
[Date "2022.11.08"]
[WhiteClock "0:01:49"]
[BlackClock "0:00:37"]

1. e4 c5 2. Nf3 Nc6 3. Bb5 g6 4. O-O Bg7 5. c3 Nf6 6. e5 Nd5 7. d4 cxd4 8. cxd4 O-O 9. Nc3 Nc7 10. Bf4 d5 11. exd6 exd6 12. d5 Ne5 13. Nxe5 dxe5 14. Be3 Nxb5 15. Nxb5 a6 16. Nc3 b5 17. Bc5 Re8 18. d6 Bb7 19. Nd5 Qd7 20. Nc7 Qc6 21. Qf3 e4 22. Qe3 Bxb2 23. Rab1 Be5 24. Nxa8 Bxa8 25. Rfd1 f5 26. Rbc1 f4 27. Qb3+ Kg7 28. d7 Rd8 29. Bf8+ Kxf8 30. Rxc6 Bxc6 31. Qe6 1-0


[Site "https://www.chess.com"]

[Event "Titled Tuesday Blitz November 08 Late 2022"]
[White "Urbina Perez, Juan Antonio"]
[Black "Ramirez, Maria Eugenia"]
[WhiteFideId "2217368"]
[BlackFideId "3301680"]
[WhiteElo "2197"]
[BlackElo "1941"]
[Result "0-1"]
[Round "03"]
[TimeControl "180+1"]
[Date "2022.11.09"]
[WhiteClock "0:01:00"]
[BlackClock "0:00:57"]

1. e4 e5 2. Nf3 Nc6 3. d4 exd4 4. Nxd4 Qh4 5. Nc3 Bb4 6. Be3 Qxe4 7. Nxc6 Bxc3+ 8. bxc3 Qxc6 9. Bd4 Nf6 10. Qe2+ Qe6 11. Bxf6 gxf6 12. O-O-O Qxe2 13. Bxe2 d6 14. Bb5+ c6 15. Rhe1+ Be6 16. Bd3 Kd7 17. a3 Rae8 18. f4 h6 19. c4 Bg4 20. Rxe8 Rxe8 21. Rd2 Kc7 22. h3 Bd7 23. f5 Re5 24. Rf2 a6 25. Rf4 b5 26. cxb5 axb5 27. Kd2 c5 28. c3 c4 29. Bc2 Bc6 30. Rg4 Bd7 31. Rg7 Bxf5 32. Rxf7+ Kc6 33. Bd1 Rd5+ 34. Kc1 Be4 35. Rxf6 Bxg2 36. Rxh6 Rd3 37. Kc2 Be4 38. Re6 Bf5 39. Rf6 Be4 40. Rf4 Bg6 41. Rf6 Bh7 42. Rf7 Rxh3+ 43. Kd2 Rd3+ 44. Ke2 Bg6 45. Rf6 Bh5+ 46. Kf2 Bxd1 0-1


[Site "https://www.chess.com"]

[Event "Titled Tuesday Blitz November 08 Late 2022"]
[White "Van Dael, Siem"]
[Black "Paravyan, David"]
[WhiteFideId "1049771"]
[BlackFideId "4194985"]
[WhiteElo "2161"]
[BlackElo "2998"]
[Result "0-1"]
[Round "03"]
[TimeControl "180+1"]
[Date "2022.11.09"]
[WhiteClock "0:01:16"]
[BlackClock "0:01:13"]

1. e4 e5 2. Nf3 Nf6 3. Nxe5 d6 4. Nc4 Nxe4 5. Qe2 Qe7 6. Ne3 c6 7. b3 Be6 8. Bb2 Nd7 9. g3 O-O-O 10. Bg2 d5 11. d3 Nef6 12. Nd2 h5 13. Nf3 Qb4+ 14. Qd2 Qxd2+ 15. Nxd2 h4 16. O-O-O Bd6 17. f4 Ng4 18. Nxg4 Bxg4 19. Bf3 Bxf3 20. Nxf3 f6 21. Nxh4 Bxf4+ 22. Kb1 Be5 23. Ng6 Rh6 24. Nxe5 Nxe5 25. Bxe5 fxe5 26. Rdf1 Kc7 27. Rf7+ Rd7 28. Rhf1 Rxh2 29. Rxd7+ Kxd7 30. Rf7+ Kc8 31. Rxg7 a5 32. a4 Re2 33. Kc1 e4 34. dxe4 Rxe4 35. Kd2 Kb8 36. Kd3 Ka7 37. g4 Kb6 38. g5 Rg4 39. Rg8 Kc5 40. g6 Rg3+ 41. Kd2 Kd4 42. Rb8 Rxg6 43. Rxb7 Rg2+ 44. Kd1 Kc3 45. Rc7 Rd2+ 46. Ke1 Rxc2 47. Rxc6+ Kxb3 48. Rd6 Rc5 49. Kd2 Kxa4 50. Rb6 Rb5 51. Rd6 Kb3 52. Rh6 a4 53. Rh3+ Kb2 54. Kd3 Rb3+ 0-1


[Site "https://www.chess.com"]

[Event "Titled Tuesday Blitz November 08 Late 2022"]
[White "Veiga, Jose Francisco R P Neves"]
[Black "Kravtsiv, Martyn"]
[WhiteFideId "1930087"]
[BlackFideId "14113147"]
[WhiteElo "2512"]
[BlackElo "2762"]
[Result "0-1"]
[Round "03"]
[TimeControl "180+1"]
[Date "2022.11.09"]
[WhiteClock "0:00:10"]
[BlackClock "0:00:21"]

1. d4 d5 2. Nf3 e6 3. Bg5 f6 4. Bf4 g5 5. Bg3 h5 6. h4 g4 7. Nfd2 Nh6 8. e4 dxe4 9. Nxe4 Nf5 10. c3 Bg7 11. Nbd2 Nd7 12. Bd3 b6 13. Qb3 Qe7 14. Bxc7 Bb7 15. Bf4 O-O 16. O-O-O Kh8 17. Kb1 a5 18. Ng3 a4 19. Qb5 Nxg3 20. fxg3 Ra5 21. Qb4 Qxb4 22. cxb4 Raa8 23. Be4 Bxe4+ 24. Nxe4 Rfc8 25. Rc1 Bf8 26. a3 b5 27. Nc5 Bxc5 28. bxc5 Rc6 29. Rhe1 Kg7 30. Re2 Kg6 31. Bd6 e5 32. d5 Rcc8 33. c6 Nb6 34. Rd1 Rd8 35. Bc7 Rxd5 36. Red2 Rxd2 37. Rxd2 Nc4 38. Rd7 Ra6 39. Bd8 Rxc6 40. Be7 Ne3 41. Rd2 Nc4 42. Rd7 e4 43. Bb4 e3 44. Re7 Kf5 45. Bc3 Re6 46. Rxe6 Kxe6 47. Kc2 f5 48. Kd3 Kd5 49. Bb4 Nxb2+ 50. Kxe3 Kc4 51. Kf4 Nd3+ 52. Kxf5 Nxb4 53. axb4 a3 54. Kg5 a2 55. Kxh5 a1=Q 56. Kxg4 0-1


[Site "https://www.chess.com"]

[Event "Titled Tuesday Blitz November 08 Late 2022"]
[White "Ventura Bolet, Maxim"]
[Black "Putnam, Liam"]
[WhiteFideId "22238824"]
[BlackFideId "30938279"]
[WhiteElo "2472"]
[BlackElo "2661"]
[Result "0-1"]
[Round "03"]
[TimeControl "180+1"]
[Date "2022.11.09"]
[WhiteClock "0:00:01"]
[BlackClock "0:00:41"]

1. Nf3 g6 2. g3 Bg7 3. d4 Nf6 4. Bg2 O-O 5. O-O d5 6. c4 dxc4 7. Na3 c3 8. bxc3 c5 9. e3 Nc6 10. Qe2 Bf5 11. Rd1 Ne4 12. Bb2 Qa5 13. Nc4 Qa6 14. Bf1 b5 15. Nce5 c4 16. a4 Nxe5 17. Nxe5 Bxe5 18. axb5 Qxb5 19. dxe5 Rfb8 20. Ra2 Qb3 21. Qxc4 Qxd1 22. Ba3 Rb1 23. Bxe7 Rc8 24. Qa6 Bh3 25. Rc2 Qxf1+ 26. Qxf1 Rxf1# 0-1


[Site "https://www.chess.com"]

[Event "Titled Tuesday Blitz November 08 Late 2022"]
[White "Viana Da Costa, Fernando"]
[Black "Kaganskiy, Gleb"]
[WhiteFideId "2111900"]
[BlackFideId "4132025"]
[WhiteElo "2259"]
[BlackElo "2165"]
[Result "1-0"]
[Round "03"]
[TimeControl "180+1"]
[Date "2022.11.09"]
[WhiteClock "0:00:56"]
[BlackClock "0:00:08"]

1. e4 e6 2. d4 d5 3. Nd2 c5 4. Ngf3 cxd4 5. Nxd4 Nc6 6. Bb5 Bd7 7. Nxc6 bxc6 8. Bd3 Bd6 9. O-O e5 10. c4 d4 11. c5 Bxc5 12. Nc4 Qe7 13. f4 Nf6 14. Nxe5 O-O 15. Nxd7 Qxd7 16. e5 Nd5 17. Bxh7+ Kxh7 18. Qc2+ d3+ 19. Qxc5 Rad8 20. Qd4 Qf5 21. Rf3 Nxf4 22. Qxf4 Qxf4 23. Bxf4 d2 24. Rd1 Rd5 25. Rxd2 1-0


[Site "https://www.chess.com"]

[Event "Titled Tuesday Blitz November 08 Late 2022"]
[White "Wartiovaara, Oliver"]
[Black "Gurevich, Dmitry"]
[WhiteFideId "513024"]
[BlackFideId "2000407"]
[WhiteElo "2414"]
[BlackElo "2585"]
[Result "0-1"]
[Round "03"]
[TimeControl "180+1"]
[Date "2022.11.09"]
[WhiteClock "0:00:07"]
[BlackClock "0:01:02"]

1. e4 c5 2. Nf3 d6 3. Bb5+ Bd7 4. Bxd7+ Qxd7 5. c4 Nc6 6. d4 cxd4 7. Nxd4 Nf6 8. Nc3 e6 9. O-O Be7 10. Be3 O-O 11. h3 Rac8 12. b3 Nxd4 13. Bxd4 a6 14. Rc1 Rfe8 15. Qd2 b5 16. cxb5 axb5 17. f3 Qb7 18. Ne2 d5 19. e5 Nd7 20. f4 Nc5 21. Ng3 Ne4 22. Nxe4 dxe4 23. f5 Qd5 24. f6 Bf8 25. Rxc8 Rxc8 26. Qf2 g6 27. Kh1 Rd8 28. Bb6 Rc8 29. Qf4 Rc2 30. Re1 e3 31. Qf3 Qxf3 32. gxf3 e2 33. Ba5 Rxa2 34. Bc3 Rc2 35. Ba5 Rb2 36. Kg2 Bh6 37. Kf2 Bf4 38. Rxe2 Rxe2+ 39. Kxe2 Bxe5 40. Bd8 Kf8 41. Kd3 Ke8 42. Be7 Kd7 43. Ke4 Bd6 44. Bxd6 Kxd6 45. Kd4 g5 46. b4 Kc6 47. Ke4 h6 48. Ke5 Kc7 49. f4 gxf4 50. Kxf4 Kd6 51. Kg4 e5 52. Kh5 e4 53. Kxh6 e3 54. Kg7 Ke6 55. h4 e2 56. h5 e1=Q 57. h6 Qg3+ 58. Kh8 Kxf6 0-1


[Site "https://www.chess.com"]

[Event "Titled Tuesday Blitz November 08 Late 2022"]
[White "Wieczorek, Oskar"]
[Black "Brown, Andrew"]
[WhiteFideId "1133950"]
[BlackFideId "3206513"]
[WhiteElo "2404"]
[BlackElo "2245"]
[Result "0-1"]
[Round "03"]
[TimeControl "180+1"]
[Date "2022.11.08"]
[WhiteClock "0:00:07"]
[BlackClock "0:00:16"]

1. e4 g6 2. d4 Bg7 3. Nf3 c6 4. h3 d5 5. e5 h5 6. c4 Nh6 7. Nc3 Nf5 8. cxd5 cxd5 9. Qb3 Nc6 10. Bb5 O-O 11. Bxc6 bxc6 12. g4 Nh6 13. gxh5 gxh5 14. Rg1 Kh8 15. Rg5 Bxh3 16. Rxh5 Bg4 17. Rh4 Bxf3 18. Bxh6 Bxh6 19. Rxh6+ Kg7 20. Rh3 Rh8 21. Rg3+ Kf8 22. Kd2 Be4 23. Rag1 Rb8 24. Qa3 Qb6 25. Ke3 Qxb2 26. Qxb2 Rxb2 27. Nxe4 dxe4 28. Kxe4 Rxf2 29. Rb1 f5+ 30. Ke3 Rhh2 31. e6 f4+ 32. Ke4 fxg3 33. Rb8+ Kg7 34. Re8 Kf6 35. Rf8+ Kxe6 36. Ra8 g2 37. Rxa7 g1=Q 0-1


[Site "https://www.chess.com"]

[Event "Titled Tuesday Blitz November 08 Late 2022"]
[White "Wirig, Anthony"]
[Black "Ladan, Nicholas"]
[WhiteFideId "615013"]
[BlackFideId "30918855"]
[WhiteElo "2753"]
[BlackElo "2509"]
[Result "1-0"]
[Round "03"]
[TimeControl "180+1"]
[Date "2022.11.09"]
[WhiteClock "0:00:16"]
[BlackClock "0:00:01"]

1. d4 d5 2. Nf3 Nf6 3. c4 e6 4. Nc3 a6 5. Bg5 dxc4 6. e4 b5 7. e5 h6 8. Bh4 g5 9. Bg3 Nd5 10. Be2 Bb7 11. Nd2 Nc6 12. Nde4 Be7 13. O-O Nf4 14. Bxf4 gxf4 15. Bh5 Qxd4 16. Qg4 Nxe5 17. Qxf4 O-O-O 18. Rad1 Nd3 19. Qxf7 Bxe4 20. Qxe6+ Kb8 21. Nxe4 Bd6 22. Ng3 Bxg3 23. hxg3 Qxb2 24. Bf3 Rhf8 25. Qxa6 Rxf3 26. gxf3 Rd6 27. Qa5 Kb7 28. Rb1 Ra6 29. Qxb5+ Qxb5 30. Rxb5+ Kc6 31. Rh5 Rxa2 32. Rxh6+ Kd5 33. Rh5+ Kd4 34. Rh7 c5 35. Rd7+ Kc3 36. f4 Kb4 37. Rb7+ Ka4 38. Ra7+ Kb3 39. Rb7+ Kc2 40. f5 c3 41. f6 Ra6 42. f7 Rf6 43. g4 Ne5 44. Rc7 Nxf7 45. Rxc5 1-0


[Site "https://www.chess.com"]

[Event "Titled Tuesday Blitz November 08 Late 2022"]
[White "Xiong, Jeffery"]
[Black "Papasimakopoulos, Alexandros"]
[WhiteFideId "2047640"]
[BlackFideId "4244125"]
[WhiteElo "2725"]
[BlackElo "2365"]
[Result "1-0"]
[Round "03"]
[TimeControl "180+1"]
[Date "2022.11.08"]
[WhiteClock "0:01:33"]
[BlackClock "0:01:06"]

1. d4 e6 2. e4 d5 3. exd5 exd5 4. Nf3 Bg4 5. h3 Bh5 6. Nc3 Bb4 7. Bd3 Nc6 8. Be3 Nf6 9. O-O Bxc3 10. bxc3 O-O 11. g4 Bg6 12. Ne5 Nxe5 13. dxe5 Nd7 14. f4 Qh4 15. Qf3 Bxd3 16. cxd3 c6 17. d4 Rae8 18. f5 Nb6 19. Rae1 Nc4 20. Bc1 a5 21. Kg2 a4 22. Qd1 a3 23. f6 Re6 24. fxg7 Kxg7 25. Rf5 h6 26. Ref1 Qe7 27. Rf6 Rh8 28. Qf3 Rf8 29. Bxh6+ 1-0


[Site "https://www.chess.com"]